 Dungeon Crawl Stone Soup version 0.28-a0-726-g4a9143789a (webtiles) character file.

Game seed: 10111903497365024432

4449 lawman0 the Carver (level 10, -1/76 HPs)
             Began as a Barachi Warper on Oct 27, 2021.
             Was an Initiate of Gozag.
             Slain by a tengu conjurer (2 damage)
             ... on level 9 of the Dungeon.
             The game lasted 00:30:43 (9302 turns).

lawman0 the Carver (Barachi Warper)                 Turns: 9302, Time: 00:30:43

Health: -1/76      AC:  7    Str: 12    XL:     10   Next: 37%
Magic:  2/14       EV: 17    Int: 18    God:    Gozag
Gold:   97         SH:  0    Dex: 11    Spells: 1/14 levels left

rFire   . . .      SeeInvis .   a - +2 falchion (vorpal)
rCold   + + .      Faith    .   (no shield)
rNeg    . . .      Spirit   .   y - +0 leather armour {rC+}
rPois   .          Reflect  .   l - +0 helmet
rElec   .          Harm     .   s - +0 cloak
rCorr   .          Rampage  .   g - +0 pair of gloves
Will    +....                   (no boots)
Stlth   ++........              j - amulet of regeneration
HPRegen 1.22/turn               e - ring of willpower
MPRegen 0.14/turn               c - +4 ring of evasion

@: lethally poisoned (-1 -> -1), gold aura, unable to hop, slow
A: amphibious, slowness 1, strong legs 1, +LOS, cold resistance 1
a: Hop, Renounce Religion, Potion Petition, Call Merchant, Bribe Branch


You were on level 9 of the Dungeon.
You worshipped Gozag.
Gozag was noncommittal.
You visited 2 branches of the dungeon, and saw 10 of its levels.
You also visited: Sewer.

You collected 1263 gold pieces.
You paid 1166 gold pieces to Gozag.

Inventory:

Hand Weapons
 a - a +2 vorpal falchion (weapon)
Missiles
 d - 5 boomerangs of dispersal
 i - 2 atropa-tipped darts
 k - 51 sling bullets
 m - 2 boomerangs
 t - 5 poisoned darts (quivered)
Armour
 g - a +0 pair of gloves (worn)
 l - a +0 helmet (worn)
 s - a +0 cloak (worn)
 y - a +0 leather armour of cold resistance (worn)
Magical Staves
 b - a staff of conjuration
Jewellery
 c - a +4 ring of evasion (right hand)
 e - a ring of willpower (left hand)
 j - an amulet of regeneration (around neck)
 v - an amulet of reflection
Wands
 w - a wand of flame (7)
Scrolls
 f - a scroll of enchant weapon
 q - 2 scrolls of enchant armour
 u - a scroll of brand weapon
 x - 2 scrolls of identify
 z - a scroll of amnesia
Potions
 o - a potion of brilliance
 r - 3 potions of flight


   Skills:
 + Level 6.3 Fighting
 + Level 9.0 Long Blades
 + Level 2.6 Throwing
 + Level 4.3 Armour
 + Level 5.6 Dodging
 + Level 3.7 Stealth
 + Level 2.8 Spellcasting
 * Level 4.1 Conjurations
 * Level 6.4 Translocations
 * Level 4.2 Air Magic
 * Level 4.3 Poison Magic
 * Level 2.2 Evocations


You had one spell level left.
You knew the following spells:

 Your Spells              Type           Power      Damage    Failure   Level
a - Blink                 Tloc           50%        N/A       2%          2
b - Teleport Other        Tloc           25%        N/A       4%          3
c - Mephitic Cloud        Conj/Pois/Air  17%        N/A       11%         3
d - Manifold Assault      Tloc           25%        N/A       38%         5

Your spell library contained the following spells:

 Spells                   Type           Power      Damage    Failure   Level
 Gell's Gravitas          Tloc           12%        N/A       4%          3
 Lesser Beckoning         Tloc           25%        N/A       4%          3
 Sublimation of Blood     Necr           1%         N/A       32%         2
 Wereblood                Tmut           2%         N/A       32%         2
 Ignite Poison            Fire/Tmut/Pois 7%         N/A       34%         3
 Ozocubu's Armour         Ice            2%         N/A       54%         3
 Freezing Cloud           Conj/Ice/Air   6%         6-21      88%         5
 Ozocubu's Refrigeration  Ice            1%         4d5       100%        7
 Summon Hydra             Summ           1%         N/A       100%        7


Dungeon Overview and Level Annotations

Branches:
Dungeon (9/15)             Temple (1/1) D:6            Lair (0/6) D:9
  Sewer (visited)
    Orc: D:9-12

Altars:
Cheibriados
Dithmenos
Elyvilon
Gozag
Hepliaklqana
Makhleb
Okawaru
Ru
Uskayaw
Wu Jian
Zin
The Shining One

Shops:
D:9 [


Innate Abilities, Weirdness & Mutations

You are amphibious.
You cover ground slowly.
You can hop short distances.
You have an extended range of vision and can be seen from far away.
Your flesh is cold resistant. (rC+)


Message History

The killer bee buzzes angrily. x2
Unknown command.
Casting: Mephitic Cloud (dangerous; 11% risk of failure)
Confirm with . or Enter, or press ? or * to list all spells.
You blink.
You feel very sick.
The killer bee is no longer distracted by gold.
Unknown command.
Unknown command.
Okay, then.
Okay, then.
Okay, then.
Okay, then.
You need at least 400 gold to purchase potions right now!
You feel very sick.
The killer bee is distracted by your dazzling golden aura.
The killer bee barely misses you.
Unknown command.
You feel sick.
The killer bee stings the killer bee.
The killer bee stings the killer bee!
The killer bee barely misses the killer bee.
The tengu conjurer hits you but does no damage.
The tengu conjurer pecks you.
* * * LOW HITPOINT WARNING * * *
The tengu conjurer claws you.
* * * LOW HITPOINT WARNING * * *
The killer bee completely misses you.
Things that are here:
7 gold pieces; a +0 halberd; a +0 plate armour Unknown command.
Unknown command.
Unknown command.
You feel stable enough to blink again.
You feel sick.
The orc priest is no longer distracted by gold.
The killer bee barely misses you.
The killer bee is distracted by your dazzling golden aura.
The killer bee closely misses the orc.
The tengu conjurer hits you.
You die...
Your body crumbles into a pile of gold.

...###...........P P.>.P#.<..
#.?.$........### PPP.lP####. ###
##..###..#####.#..PPPPP ####
...####.. #....# #$..PPPPP.##..#
......#.####...## #)#########...#
........#..###..###(....∩.(####..
...........(.##...#.....y.)..###.
.......####...).$......y..().##..
......######...$@Qy#$........#...
.....y..#.(#....#yyo.............
....(o....$$$...##..y........#...
.y##.######(....######.....###...
#....# ##(..##.# ##....# ###.
.....# #...###.# #......# ..
...#y. #.### ... #...#..... ..
#.##o.###.## #.## #...##.......
.. #.:y....##.#.#. ...## #.... .


You could see a tengu conjurer, 6 killer bees and an orc.

Vanquished Creatures
  2 yaks (D:7)
  2 water moccasins
  2 ice beasts
  2 orc warriors
  2 black bears
  3 necrophages
  A centaur (D:9)
  A phantom (D:3)
  2 kobold brigands
  4 bullfrogs
  A scorpion (D:7)
  2 water moccasin zombies
  5 killer bees
  4 wights
  A howler monkey (D:5)
  A centaur zombie (D:8)
  5 crimson imps (D:7)
  A hound (D:3)
  A jelly (D:6)
  A gnoll shaman (D:6)
  14 orc priests
  A centaur skeleton (D:7)
  5 iguanas
  9 orc wizards
  A hound skeleton (D:4)
  6 gnolls
  12 adders
  A shadow imp (D:7)
  4 white imps (D:7)
  An ufetubus (D:7)
  2 adder skeletons (D:4)
  A worm (D:5)
  3 dart slugs
  46 orcs
  16 endoplasms
  11 giant cockroaches
  6 goblins
  4 hobgoblins
  6 jackals (D:4)
  16 quokkas
  13 ball pythons
  6 bats
  11 frilled lizards
  7 kobolds
  7 rats
252 creatures vanquished.

Vanquished Creatures (collateral kills)
  A yak (D:7)
  A hound (D:4)
  A gnoll shaman (D:4)
  An iguana (D:4)
  A hound skeleton (D:4)
  6 gnolls
  A kobold (D:4)
12 creatures vanquished.

Vanquished Creatures (others)
  2 yaks (D:7)
  A killer bee (D:7)
  An orc wizard (D:8)
  5 plants (D:9)
9 creatures vanquished.

Grand Total: 273 creatures vanquished

Notes
Turn   | Place    | Note
-------+----------+-------------------------------------------
     0 | D:1      | lawman0 the Barachi Warper began the quest for the Orb.
     0 | D:1      | Reached XP level 1. HP: 17/17 MP: 3/3
   479 | D:1      | Reached XP level 2. HP: 22/23 MP: 5/5
   983 | D:1      | Found a faded altar of an unknown god.
   986 | D:1      | Noticed a floating eye
   986 | D:1      | Noticed an eye of devastation
   986 | D:1      | Noticed an eye of devastation
   987 | D:1      | Noticed an eye of devastation
   993 | D:1      | Reached XP level 3. HP: 28/28 MP: 6/6
  1004 | D:1      | Learned a level 2 spell: Blink
  1008 | D:1      | Learned a level 3 spell: Teleport Other
  1537 | D:3      | Reached skill level 3 in Long Blades
  1606 | D:3      | Noticed a phantom
  1624 | D:3      | HP: 2/42 [phantom (1)]
  1626 | D:3      | Killed a phantom
  1627 | D:3      | Reached skill level 4 in Long Blades
  1627 | D:3      | Reached XP level 4. HP: 35/35 MP: 7/7
  1779 | D:3      | Reached XP level 5. HP: 25/41 MP: 8/8
  3169 | D:4      | Reached skill level 5 in Long Blades
  3169 | D:4      | Reached XP level 6. HP: 48/48 MP: 9/9
  3223 | D:4      | Reached skill level 1 in Stealth
  3575 | D:4      | Found a white marble altar of Elyvilon.
  3673 | D:5      | Entered Level 5 of the Dungeon
  3772 | D:5      | Reached skill level 6 in Long Blades
  3772 | D:5      | Noticed a water moccasin
  4061 | D:6      | Reached XP level 7. HP: 24/54 MP: 10/10
  4074 | D:6      | Gained mutation: Your flesh is cold resistant. (rC+)
                  | [potion of mutation]
  4246 | D:6      | Found a glowing drain.
  4286 | Sewer    | Entered a sewer
  4324 | Sewer    | Identified a scroll of acquirement
  4325 | Sewer    | Acquired an amulet of regeneration
  4724 | Sewer    | Reached skill level 5 in Fighting
  4762 | D:6      | Reached skill level 7 in Long Blades
  4762 | D:6      | Reached XP level 8. HP: 62/62 MP: 11/11
  4766 | D:6      | Learned a level 3 spell: Mephitic Cloud
  4856 | D:5      | Reached skill level 1 in Conjurations
  4856 | D:5      | Reached skill level 1 in Evocations
  4913 | D:6      | Found an ornate altar of the Wu Jian Council.
  4962 | D:6      | Found a glowing golden altar of the Shining One.
  5103 | D:6      | Found a hide-covered altar of Uskayaw.
  5138 | D:7      | Noticed a yak
  5151 | D:6      | Reached skill level 1 in Poison Magic
  5377 | D:7      | Reached skill level 1 in Air Magic
  5462 | D:7      | Noticed a yak
  5509 | D:7      | Reached skill level 8 in Long Blades
  5676 | D:7      | Reached XP level 9. HP: 34/68 MP: 5/12
  6156 | D:6      | Found a staircase to the Ecumenical Temple.
  6166 | Temple   | Entered the Ecumenical Temple
  6315 | Temple   | Became a worshipper of Gozag Ym Sagoz the Greedy
  6600 | D:6      | Reached skill level 5 in Translocations
  6895 | D:5      | Reached skill level 5 in Dodging
  7175 | D:5      | Learned a level 5 spell: Manifold Assault
  7364 | D:5      | Found a snail-covered altar of Cheibriados.
  8073 | D:8      | Noticed a two-headed ogre
  8120 | D:7      | Reached XP level 10. HP: 34/76 MP: 14/14
  9110 | D:9      | >:)
  9209 | D:9      | Reached skill level 9 in Long Blades
  9284 | D:9      | Found a staircase to the Lair.
  9301 | D:9      | HP: 2/76 [tengu conjurer (4)]
  9302 | D:9      | Slain by a tengu conjurer

Illustrated notes

#..#...##...#
##...........
##...........
#.<.......... $
####......###
####.....## $ #
##..###....##
#.#########...#.......#
#.....@.(####..........
#.......)..###...###..#
...........().##...##
...#
....#.........#...###
#...
.#..................#
.... #...........#....##
....
#####.....###......#....
##....# ###...## ...
#...... ......


Turn 9110 on D:9: >:)

Levels and vault maps discovered:
D:1:      dpeg_arrival_pond, layout_rooms,
          hellmonk_ecumenical_altar_watching_god, minmay_misc_feat_four_crosses
D:2:      layout_rooms, palyth_stone_intersect
D:3:      layout_basic
D:4:      layout_rooms, nicolae_overflow_crystal_walls
D:5:      layout_basic, chei_slow_surprise
D:6:      layout_loops_ring, nicolae_tso_swordbearing_angel,
          nicolae_uskayaw_dance_hall, kennysheep_mini, lemuel_temple_firewalk_b,
          portal_sewer_entry_a
D:7:      layout_basic, minmay_nine_imps
D:8:      layout_rooms, corexii_leaking_fountain, lemuel_flamethrower_1
D:9:      layout_cave_pools, david_lair_shrubbed, gammafunk_ghost_spectres,
          uniq_maurice
Temple:   minmay_temple_curvy_branch

Skill      XL: |  1  2  3  4  5  6  7  8  9 10 |
---------------+-------------------------------+-----
Long Blades    | 4 5 6 7 8 9 |  9.0
Fighting       | 3 4 5 6 |  6.3
Armour         | 2 3 4 |  4.3
Dodging        | 3 4 5 |  5.6
Stealth        | 1 2 3 |  3.7
Conjurations   | 2 3 4 |  4.1
Evocations     | 1 2 |  2.2
Poison Magic   | 2 3 4 |  4.3
Translocations | 4 6 |  6.4
Air Magic      | 1 3 4 |  4.2
Throwing       | 2 |  2.6
Spellcasting   | |  2.8

Action                   |  1- 3 |  4- 6 |  7- 9 | 10-12 || total
-------------------------+-------+-------+-------+-------++-------
Melee: Falchion          |   123 |   202 |   722 |   149 ||  1196
Throw: Boomerang         |       |    15 |    67 |    25 ||   107
       Dart              |       |       |       |     8 ||     8
 Cast: Blink             |       |     1 |     3 |     8 ||    12
       Teleport Other    |       |       |     5 |       ||     5
       Mephitic Cloud    |       |       |     3 |     9 ||    12
Invok: Potion Petition   |       |       |     1 |       ||     1
       Call Merchant     |       |       |       |     1 ||     1
 Abil: Hop               |       |     1 |     2 |     1 ||     4
Evoke: Wand              |       |       |    20 |    17 ||    37
  Use: Potion            |     5 |     2 |     5 |     1 ||    13
       Scroll            |       |     8 |     8 |     6 ||    22
 Stab: Sleeping          |     2 |       |     3 |       ||     5
       Paralysed         |       |       |    20 |       ||    20
       Confused          |       |       |     3 |     3 ||     6
       Invisible         |       |       |     3 |       ||     3
Armor: Leather armour    |    50 |    80 |   165 |    59 ||   354
       Skin              |     5 |       |     9 |       ||    14
Dodge: Dodged            |    79 |   158 |   595 |   179 ||  1011

Table legend: (Time is in decaauts)
 A = Elapsed time spent in this place.
 B = Non-inter-level travel time spent in this place.
 C = Inter-level travel time spent in this place.
 D = Time resting spent in this place.
 E = Time spent auto-exploring this place.
 F = Levels seen in this place.
 G = Mean time per level.
                   A        B        C        D        E       F      G
               +--------+--------+--------+--------+--------+-----+--------+
         Total |  10347 |   9600 |    747 |   1138 |   4467 |  11 |  940.6 |
       Dungeon |   9645 |   8953 |    692 |   1062 |   4237 |   9 | 1071.7 |
        Temple |    207 |    152 |     55 |      0 |    146 |   1 |  207.0 |
         Sewer |    493 |    493 |      0 |     76 |     83 |   1 |  493.0 |
               +--------+--------+--------+--------+--------+-----+--------+

Top non-repeatable levels by time:
     D:3: 1866 daAuts
     D:7: 1307 daAuts
     D:5: 1293 daAuts
     D:6: 1238 daAuts
     D:1: 1193 daAuts
     D:4: 989 daAuts
     D:8: 887 daAuts
     D:2: 574 daAuts
   Sewer: 493 daAuts
     D:9: 296 daAuts
  Temple: 207 daAuts
